 Dungeon Crawl Stone Soup version 0.22-a0-422-g9628fc8 (webtiles) character file.

134 Goblin1989 the Chopper (level 4, -3/36 HPs)
             Began as a Demonspawn Chaos Knight on May 16, 2018.
             Slain by a hound zombie (4 damage)
             ... on level 5 of the Dungeon.
             The game lasted 00:04:27 (526 turns).

Goblin1989 the Chopper (Demonspawn Chaos Knight)     Turns: 526, Time: 00:04:29

Health: -3/36      AC:  7    Str: 13    XL:     4   Next: 95%
Magic:  4/4        EV: 11    Int: 14    God:    Xom [..*...]
Gold:   28         SH:  0    Dex: 12    Spells: 3/3 levels left

rFire    . . .     SeeInvis .   a - +0 hand axe (chaos)
rCold    . . .     Gourm    +   (no shield)
rNeg     . . .     Faith    .   b - +2 leather armour
rPois    .         Spirit   .   (no helmet)
rElec    .         Reflect  .   (no cloak)
rCorr    .         Harm     .   (no gloves)
MR       .....                  (no boots)
Stlth    ++........             y - amulet of the gourmand
HPRegen  0.12/turn              x - ring of stealth
MPRegen  0.09/turn              (no ring)

@: lethally poisoned (-3 -> -12)
A: rugged brown scales 2
a: Renounce Religion


You were on level 5 of the Dungeon.
You worshipped Xom.
You were a toy of Xom.
You were not hungry.

You visited 1 branch of the dungeon, and saw 5 of its levels.

You collected 28 gold pieces.

Inventory:

Hand Weapons
 a - a +0 hand axe of chaos (weapon)
Armour
 b - a +2 leather armour (worn)
Jewellery
 x - a ring of stealth (left hand)
 y - an amulet of the gourmand (around neck)
Scrolls
 f - 2 scrolls of identify {unknown}
 z - 3 scrolls of remove curse {unknown}
Comestibles
 e - 2 rations


   Skills:
 - Level 3.0 Fighting
 + Level 5.2 Axes
 - Level 1.7 Armour
 - Level 0.8 Dodging


You had 3 spell levels left.
You didn't know any spells.
Your spell library was empty.

Dungeon Overview and Level Annotations

Branches:
Dungeon (4/15)
 Temple: D:4-7

Altars:


Innate Abilities, Weirdness & Mutations

You are mostly covered in rugged brown scales. (AC +2, +5% HP)


Message History

The jackal barks!
You hear a bark!
The centaur hits you but does no damage.
A jackal comes into view.
You hit the centaur. Lightning courses through the centaur!
The centaur is almost dead.
You hit the worker ant but do no damage.
The centaur hits you. The worker ant closely misses you.
The centaur closely misses you.
You take 4 damage, and have 22/29 hp.
Unknown command.
You hit the centaur but do no damage.
The centaur is poisoned.
The centaur is almost dead.
You hit the worker ant but do no damage.
The worker ant glows mottled viridian for a moment.
You hit the bullfrog.
The bullfrog flickers and vanishes!
The worker ant closely misses you.
The centaur hits you but does no damage.
Something hits you.
A leopard gecko zombie comes into view.
You take 4 damage, and have 18/29 hp.
Unknown command.
You aren't carrying any potions.
You hit the centaur.
You feel better.
You kill the centaur!
Your Axes skill increases to level 5!
You have reached level 4!
You feel stronger.
Your demonic ancestry asserts itself...
Rugged brown scales spread over more of your body.
Xom thinks this is hilarious!
You miss the jackal. You hit the worker ant. You barely miss something.
Something hits you. The worker ant barely misses you.
The jackal barely misses you. Something hits you but does no damage.
The worker ant barely misses you.
You take 1 damage, and have 17/36 hp.
MP restored: 4 You miss something.
You hit the jackal but do no damage. You barely miss the worker ant.
The jackal bites you.
* * * LOW HITPOINT WARNING * * *
Something hits you.
* * * LOW HITPOINT WARNING * * *
A hound zombie comes into view.
The worker ant barely misses you.
The jackal bites you but does no damage.
The jackal barely misses you.
You take 3 damage, and have 14/36 hp.
You miss something. You barely miss the worker ant. You hit the jackal.
The jackal's body glows momentarily.
You closely miss the jackal. Something hits you.
* * * LOW HITPOINT WARNING * * *
The worker ant bites you but does no damage.
The jackal bites you.
* * * LOW HITPOINT WARNING * * *
The jackal barely misses you. Something hits you but does no damage.
You take 4 damage, and have 10/36 hp.
You barely miss something.
You hit the worker ant but do no damage.
You hit the jackal.
The jackal is poisoned.
You hit the jackal but do no damage. The jackal bites you.
* * * LOW HITPOINT WARNING * * *
Something hits you but does no damage. The worker ant closely misses you.
A gnoll comes into view. It is wielding a spear.
You take 1 damage, and have 9/36 hp.
The gnoll shouts!
You hit the jackal but do no damage.
The jackal looks even sicker.
The jackal is moderately wounded.
You hit the jackal. You freeze the jackal. You hit something.
A tengu appears out of thin air!
You barely miss the worker ant. You barely miss the jackal.
The jackal barely misses you.
The jackal bites you but does no damage. x2
The worker ant barely misses you.
The jackal bites you but does no damage.
The jackal misses you. The jackal closely misses you.
Unknown command.
You hit the jackal but do no damage.
The jackal seems to slow down.
The jackal is heavily wounded.
You hit the jackal.
You kill the jackal!
You barely miss the tengu. You hit the worker ant.
The worker ant seems to speed up.
You closely miss the leopard gecko zombie.
You hit the jackal. You burn the jackal. The worker ant closely misses you.
The tengu closely misses you. x2; The tengu barely misses you.
The jackal closely misses you. The worker ant misses you.
The jackal misses you.
Unknown command.
You closely miss the jackal.
The jackal is heavily wounded.
You hit the tengu but do no damage. You hit the worker ant.
Lightning courses through the worker ant!
You hit the leopard gecko zombie. You hit the jackal.
You kill the jackal!
The worker ant misses you. The leopard gecko zombie misses you.
The tengu closely misses you. The tengu pecks you.
* * * LOW HITPOINT WARNING * * *
The tengu claws you but does no damage. The worker ant bites you!
* * * LOW HITPOINT WARNING * * *
You are lethally poisoned!
The worker ant poisons you! The hound zombie bites you.
You die...
Xom thinks this is hilarious!

......
.....██
...... █....█
█
████..).███.█
............
█........█
█..Z.....█
██†@a.████
█.hZQ....█
█........█
█........█
██....████
█g...█ █....█
......


You could see a tengu, a worker ant, a gnoll, a leopard gecko zombie, a hound
zombie and a jackal.

Vanquished Creatures
  A centaur (D:5)
  A worker ant (D:4)
  An adder (D:2)
  A dart slug (D:1)
  A leopard gecko (D:2)
  2 goblins (D:1)
  5 jackals
  7 kobolds
  A bat (D:2)
  2 frilled lizards
  3 rats
25 creatures vanquished.

Notes
Turn   | Place    | Note
-------+----------+-------------------------------------------
     0 | D:1      | Goblin1989 the Demonspawn Chaos Knight began the quest for the Orb.
     0 | D:1      | Reached XP level 1. HP: 18/18 MP: 1/1
    28 | D:1      | Reached skill level 3 in Axes
    87 | D:1      | Gained mutation: You are partially covered in rugged brown scales. (AC +1, +3% HP) [demonic ancestry]
    87 | D:1      | Reached XP level 2. HP: 12/24 MP: 2/2
   140 | D:1      | You fall through a shaft!
   239 | D:2      | Reached XP level 3. HP: 4/29 MP: 3/3
   270 | D:2      | XOM: silly message
   280 | D:2      | XOM: divination: magic mapping
   513 | D:4      | Reached skill level 4 in Axes
   516 | D:4      | You fall through a shaft!
   516 | D:5      | Entered Level 5 of the Dungeon
   516 | D:5      | Noticed a bullfrog
   516 | D:5      | Noticed a centaur
   520 | D:5      | Killed a centaur
   520 | D:5      | Reached skill level 5 in Axes
   520 | D:5      | Gained mutation: You are mostly covered in rugged brown scales. (AC +2, +5% HP) [demonic ancestry]
   520 | D:5      | Reached XP level 4. HP: 19/36 MP: 4/4
   524 | D:5      | Noticed a tengu
   526 | D:5      | HP: 1/36 [worker ant (7)]
   526 | D:5      | Slain by a hound zombie

Vault maps used:
D:1:      shiori_arrival_oz
D:2:      minmay_roachtagon, lemuel_doored_altar, overflow_temple_1_default,
          overflow_temple_1_default, first_ration, uniq_natasha
D:3:      lemuel_coloured_pillars_altar, kennysheep_another_room
D:4:      serial_shops, shop
D:5:      kennysheep_mini_moat, nicolae_overflow_hidden_temple, temple_green,
          xom_teletrap_fun, uniq_grinder

Skill      XL: |  1  2  3 |
---------------+----------+-----
Axes           | 3 5 |  5.2
Fighting       | |  3.0
Armour         | |  1.7
Dodging        | |  0.8

Action                   |  1- 3 |  4- 6 || total
-------------------------+-------+-------++-------
Melee: Hand axe          |    66 |     6 ||    72
 Stab: Paralysed         |     1 |       ||     1
       Sleeping          |     1 |       ||     1
  Eat: Chunk             |     8 |       ||     8
Armor: Leather armour    |    29 |     9 ||    38
Dodge: Dodged            |    41 |    21 ||    62

Table legend:
 A = Spawn XP
 B = Non-spawn XP
 C = Spawn XP percentage of total XP
 D = Spawn monster count
 E = Non-spawn monster count
 F = Spawn count percentage of total count
 G = Total turns spent on level
                    A         B        C        D         E        F      G
               +---------+---------+-------+---------+---------+-------+---------
         Total |       0 |     192 |   0.0 |       0 |      25 |   0.0 |   526
               +---------+---------+-------+---------+---------+-------+---------
           D:1 |       0 |      17 |   0.0 |       0 |      10 |   0.0 |   140
           D:2 |       0 |      26 |   0.0 |       0 |       9 |   0.0 |   291
           D:3 |       0 |       3 |   0.0 |       0 |       2 |   0.0 |    15
           D:4 |       0 |      34 |   0.0 |       0 |       1 |   0.0 |    70
           D:5 |       0 |     112 |   0.0 |       0 |       3 |   0.0 |    10
               +---------+---------+-------+---------+---------+-------+---------

Vault maps used:
D:1:      shiori_arrival_oz
D:2:      minmay_roachtagon, lemuel_doored_altar, overflow_temple_1_default,
          overflow_temple_1_default, first_ration, uniq_natasha
D:3:      lemuel_coloured_pillars_altar, kennysheep_another_room
D:4:      serial_shops, shop
D:5:      kennysheep_mini_moat, nicolae_overflow_hidden_temple, temple_green,
          xom_teletrap_fun, uniq_grinder
